 Dungeon Crawl Stone Soup version 0.26-a0-665-gefeb406119 (webtiles) character file.

Game seed: 17717823287823786094

1583 marklar909 the Slasher (level 9, -1/68 HPs)
             Began as a Formicid Abyssal Knight on Oct 13, 2020.
             Was a Priest of Lugonu.
             Succumbed to a water moccasin's poison
             ... on level 7 of the Dungeon.
             The game lasted 00:18:23 (8510 turns).

marklar909 the Slasher (Formicid Abyssal Knight)    Turns: 8510, Time: 00:18:24

Health: -1/68      AC:  7    Str: 19    XL:     9   Next: 14%
Magic:  11/11      EV: 11    Int: 13    God:    Lugonu [***...]
Gold:   209        SH:  0    Dex: 10    Spells: 8/8 levels left

rFire    . . .     SeeInvis +   a - +1 long sword
rCold    . . .     Faith    .   (no shield)
rNeg     . . .     Spirit   .   l - +1 ring mail
rPois    .         Reflect  .   (helmet unavailable)
rElec    .         Harm     .   (no cloak)
rCorr    .         Rampage  .   (no gloves)
MR       .....                  (no boots)
Stlth    +.........             (no amulet)
HPRegen  0.21/turn              h - ring of wizardry
MPRegen  0.12/turn              (no ring)

@: lethally poisoned (-1 -> -17)
A: permanent stasis, dig shafts and tunnels, four strong arms, antennae 3
a: Dig, Shaft Self, Depart the Abyss, Bend Space, Banish, Renounce Religion


You were on level 7 of the Dungeon.
You worshipped Lugonu.
Lugonu was most pleased with you.
You visited 1 branch of the dungeon, and saw 6 of its levels.
You visited the Abyss 1 time.

You collected 209 gold pieces.

Inventory:

Hand Weapons
 a - a +1 long sword (weapon)
 b - a +0 hunting sling
Missiles
 j - 228 stones (quivered)
Armour
 l - a +1 ring mail (worn)
Jewellery
 h - a ring of wizardry (left hand)
Wands
 q - a wand of flame (5)
Scrolls
 d - 5 scrolls of remove curse
 f - a scroll of enchant armour
 o - a scroll of identify
Potions
 e - a potion of might {unknown}
 g - 2 potions of haste
 k - a potion of brilliance {unknown}
 m - a potion of flight {unknown}
 r - a potion of magic {unknown}


   Skills:
 + Level 5.3 Fighting
 * Level 7.7 Long Blades
 + Level 3.7 Slings
 + Level 5.1 Armour
 + Level 2.3 Dodging
 + Level 1.1 Stealth
 * Level 3.6 Invocations
 + Level 1.4 Evocations


You had 8 spell levels left.
You didn't know any spells.
Your spell library was empty.

Dungeon Overview and Level Annotations

Branches:
Dungeon (5/15)
 Temple: D:4-7

Altars:
Okawaru
Wu Jian

Annotations:
D:4 Edmund, Pikel


Innate Abilities, Weirdness & Mutations

You cannot be hasted, slowed, berserked, paralysed or teleported.
You can dig through walls and to a lower floor.
Your four strong arms can wield two-handed weapons with a shield.
You have a pair of large antennae on your head. (SInv)


Message History

Lugonu accepts your kill.
* * * LOW HITPOINT WARNING * * *
You feel very sick.
Found a stone staircase leading up.
* * * LOW HITPOINT WARNING * * *
You feel sick.
You see here 6 gold pieces.
* * * LOW HITPOINT WARNING * * *
You feel very sick.
* * * LOW HITPOINT WARNING * * *
You feel sick.
* * * LOW HITPOINT WARNING * * *
You feel sick.
* * * LOW HITPOINT WARNING * * *
You feel sick.
* * * LOW HITPOINT WARNING * * *
You feel sick.
* * * LOW HITPOINT WARNING * * *
You feel sick.
You die...

####.........#
#............#######
#÷##............... #
#.###...†...####.###.#.#
#.####.................#
#.#...#........$...>.#
#...#......#####.###.#
###...#.#.## #.#
#..###.@# #.# #..#
##......... #.##
#.#####..# #. #.# #.##
#.# #. #.# #< ..# ###


There were no monsters in sight!

Vanquished Creatures
  A water moccasin (D:7)
  2 sky beasts
  Purgy (D:4)
  A phantom (D:7)
  An ogre (D:4)
  3 centaurs (D:5)
  A lemure (D:5)
  2 bullfrogs
  2 scorpions (D:5)
  4 hounds
  2 jellies (D:2)
  An orc priest (D:3)
  An iguana (D:5)
  An orc wizard (D:5)
  2 worker ants
  Robin (D:2)
  4 adders
  3 gnolls
  An ufetubus (D:5)
  7 oozes
  4 worms
  4 dart slugs
  A leopard gecko (D:1)
  12 orcs
  3 giant cockroaches
  23 goblins
  14 hobgoblins
  7 jackals
  14 kobolds
  2 quokkas
  2 ball pythons (D:2)
  8 bats
  10 frilled lizards
  10 rats
155 creatures vanquished.

Vanquished Creatures (others)
  10 fungi (D:2)
  5 toadstools (D:2)
15 creatures vanquished.

Grand Total: 170 creatures vanquished

Notes
Turn   | Place    | Note
-------+----------+-------------------------------------------
     0 | Abyss:1  | marklar909 the Formicid Abyssal Knight began the quest for
                  | the Orb.
     0 | Abyss:1  | Reached XP level 1. HP: 18/18 MP: 2/2
     2 | Abyss:1  | Noticed a thrashing horror
     3 | D:1      | Escaped the Abyss
   185 | D:1      | You fall into a shaft and drop 1 floor!
   202 | D:2      | Reached XP level 2. HP: 1/24 MP: 3/3
   661 | D:2      | Reached XP level 3. HP: 20/29 MP: 4/4
   806 | D:1      | Reached * piety under Lugonu
  1036 | D:1      | Reached skill level 1 in Dodging
  1394 | D:1      | Reached XP level 4. HP: 33/37 MP: 5/5
  1525 | D:1      | Reached skill level 3 in Long Blades
  1857 | D:2      | Reached ** piety under Lugonu
  1871 | D:2      | Noticed Robin
  1884 | D:2      | Killed Robin
  2072 | D:2      | Reached XP level 5. HP: 40/42 MP: 6/6
  2504 | D:2      | Found an iron altar of Okawaru.
  2705 | D:2      | Reached skill level 4 in Long Blades
  2737 | D:2      | Reached skill level 1 in Slings
  2782 | D:2      | Reached XP level 6. HP: 22/48 MP: 7/7
  3489 | D:2      | Reached *** piety under Lugonu
  3912 | D:3      | Found an ornate altar of the Wu Jian Council.
  4511 | D:3      | Reached XP level 7. HP: 16/55 MP: 8/8
  4817 | D:3      | Reached skill level 5 in Long Blades
  5640 | D:4      | Noticed Edmund
  6284 | D:4      | Noticed Purgy
  6871 | D:4      | Killed Purgy
  6871 | D:4      | Reached skill level 6 in Long Blades
  6871 | D:4      | Reached XP level 8. HP: 37/61 MP: 9/9
  7070 | D:4      | Noticed Pikel
  7092 | D:5      | Entered Level 5 of the Dungeon
  7277 | D:5      | Reached skill level 5 in Fighting
  7900 | D:5      | Reached skill level 1 in Stealth
  7900 | D:5      | Reached skill level 1 in Evocations
  7976 | D:5      | Reached skill level 7 in Long Blades
  8004 | D:5      | You fall into a shaft and drop 2 floors!
  8300 | D:7      | Reached XP level 9. HP: 40/68 MP: 11/11
  8447 | D:7      | Reached skill level 5 in Armour
  8508 | D:7      | HP: 2/68 [poisoned by a water moccasin]
  8510 | D:7      | Succumbed to a water moccasin's poison

Illustrated notes

Levels and vault maps discovered:
D:1:      dpeg_arrival_connections, layout_basic,
          chequers_serial_rivers_micro_e, minmay_misc_feat_tiny,
          hangedman_decor_points
D:2:      cheibrodos_fertilizer, layout_loops_cross, okawaru_altar_gauntlet_db,
          st_stairs_3, uniq_robin
D:3:      layout_loops_ring, lemuel_tele_altar
D:4:      layout_loops_ring, minmay_misc_feat_hallway, uniq_pikel,
          uniq_crazy_yiuf_cottage, uniq_purgy, uniq_edmund
D:5:      layout_basic
D:7:      layout_loops_ring, serial_shops, nicolae_shop_waterfront,
          nemelex_lonely_heart_becter, uniq_prince_ribbit1

Skill      XL: |  1  2  3  4  5  6  7  8  9 |
---------------+----------------------------+-----
Dodging        | 1 2 |  2.3
Fighting       | 4 5 |  5.3
Long Blades    | 3 4 6 7 |  7.7
Slings         | 1 2 3 |  3.7
Armour         | 3 4 5 |  5.1
Stealth        | 1 |  1.1
Evocations     | 1 |  1.4
Invocations    | 3 |  3.6

Action                   |  1- 3 |  4- 6 |  7- 9 || total
-------------------------+-------+-------+-------++-------
Melee: Falchion          |    91 |   193 |   153 ||   437
       Long sword        |       |       |    76 ||    76
 Fire: Hunting sling     |       |    89 |    53 ||   142
Invok: Depart the Abyss  |     1 |       |       ||     1
 Abil: Dig               |     5 |     2 |     4 ||    11
       Shaft Self        |       |       |     1 ||     1
Evoke: Wand              |       |       |    18 ||    18
  Use: Scroll            |       |       |     8 ||     8
       Potion            |       |       |     5 ||     5
 Stab: Sleeping          |       |     1 |       ||     1
Armor: Leather armour    |    21 |    14 |       ||    35
       Ring mail         |       |    58 |   104 ||   162
Dodge: Dodged            |    57 |   131 |   142 ||   330
       Rpst.: Falchion   |    13 |    33 |    30 ||    76
       Long sword        |       |       |    15 ||    15

Table legend: (Time is in decaauts)
 A = Elapsed time spent in this place.
 B = Non-inter-level travel time spent in this place.
 C = Inter-level travel time spent in this place.
 D = Time resting spent in this place.
 E = Time spent auto-exploring this place.
 F = Levels seen in this place.
 G = Mean time per level.
                   A        B        C        D        E       F      G
               +--------+--------+--------+--------+--------+-----+--------+
         Total |   8551 |   8002 |    549 |   2545 |   3645 |   7 | 1221.6 |
       Dungeon |   8548 |   7999 |    549 |   2545 |   3643 |   6 | 1424.7 |
         Abyss |      3 |      3 |      0 |      0 |      2 |   1 |    3.0 |
               +--------+--------+--------+--------+--------+-----+--------+

Top non-repeatable levels by time:
     D:2: 2424 daAuts
     D:3: 2111 daAuts
     D:1: 1617 daAuts
     D:4: 984 daAuts
     D:5: 903 daAuts
     D:7: 506 daAuts
 Abyss:1: 3 daAuts
